 Dungeon Crawl Stone Soup version 0.25.1-1-g288607f (webtiles) character file.

Game seed: 13767400721964427131

44 Gadfly the Sneak (level 3, -1/15 HPs)
             Began as a Felid Artificer on July 22, 2020.
             Slain by a gnoll (9 damage)
             ... on level 2 of the Dungeon.
             The game lasted 00:03:09 (2473 turns).

Gadfly the Sneak (Felid Artificer)                  Turns: 2473, Time: 00:03:10

Health: -1/15      AC:  1    Str: 15    XL:     3   Next: 41%
Magic:  6/6        EV: 18    Int: 12    God:
Gold:   128        SH:  0    Dex: 16    Spells: 2/2 levels left
                                        Lives:  0   Deaths: 0

rFire    . . .     SeeInvis +     - Unarmed
rCold    . . .     Gourm    .   (shield unavailable)
rNeg     . . .     Faith    .   (armour unavailable)
rPois    .         Spirit   .   (helmet unavailable)
rElec    .         Reflect  .   (cloak unavailable)
rCorr    .         Harm     .   (gloves unavailable)
MR       .....                  (boots unavailable)
Stlth    +++.......             (no amulet)
HPRegen  0.05/turn              k - +6 ring of strength
MPRegen  0.10/turn              (no ring)

@: quick
A: very small, no armour, no weapons or thrown items, stealth, claws 1, fangs 3,
see invisible, carnivore, speed 1, shaggy fur 1, slow metabolism 1, sharp paws
a: no special abilities


You were on level 2 of the Dungeon.
You were completely stuffed.

You visited 1 branch of the dungeon, and saw 2 of its levels.

You collected 128 gold pieces.

Inventory:

Jewellery
 g - an uncursed ring of fire
 k - a +6 ring of strength (left paw)
Wands
 a - a wand of flame (15)
 b - a wand of enslavement (15)
 c - a wand of random effects (8)
Scrolls
 l - a scroll of enchant armour {unknown}
Potions
 e - a potion of might
 f - 3 potions of lignification
 h - a potion of degeneration {unknown}
 j - 2 potions of curing
Comestibles
 d - 7 rations


   Skills:
 + Level 1.3 Fighting
 + Level 3.0 Dodging
 * Level 3.8 Stealth
 * Level 1.4 Unarmed Combat
 + Level 3.5 Evocations


You had 2 spell levels left.
You didn't know any spells.
Your spell library was empty.

Dungeon Overview and Level Annotations

Branches:
Dungeon (2/15)

Altars:
Ru
Wu Jian


Innate Abilities, Weirdness & Mutations

You cannot wear armour.
You are incapable of wielding weapons or throwing items.
Your paws allow you to move quietly. (Stealth)
You have sharp claws.
You have razor-sharp teeth.
You have supernaturally acute eyesight. (SInv)
You are carnivorous and can eat meat at any time.
You cover ground quickly.
You are covered in fur. (AC +1)
You have a slow metabolism.
Your sharp claws are effective at attacking unaware monsters.


Message History

The gnoll seems to speed up.
A kobold comes into view.
You see here 2 stones.
You see here a stone.
Evoke which item? (* to show all) (? for menu, Esc to quit)
Aiming: Random Effects
Press: ? - help, Shift-Dir - straight line, p - orc Nothing appears to happen.
The gnoll completely misses you. The gnoll closely misses you.
Evoke which item? (* to show all) (? for menu, Esc to quit)
Aiming: Random Effects
Press: ? - help, Shift-Dir - straight line, f - orc
Aim: an orc (heavily wounded) Nothing appears to happen.
The gnoll completely misses you.
The kobold throws a stone.
The stone hits the gnoll but does no damage.
The gnoll barely misses you. The gnoll hits you!
Ouch! That really hurt!
You die...

....# #.# #.#.#.#..## #((#. ###<#
#.###.#.#.#...# #g##. #.#
#.#...#.#.....########.(..
########.#.............K...##).#.
...........#.#.#.(.((.(...(†(....
#######...........(.######(#.....
....# ######.#.#o##.#..#(....###.
...)# #.......#g##.#..#.#)#(....
....####.###.###@##.#..#.#.#.###.
.........# #.###.##.#(.#.#.#.# #.
.........###...#.##.#..#.#.#.# #.
...............#.##.#..#.#.#.# #.
#.......##.......##....#.#.#.# #.
#.......##.#...######.##.#.#.# #.
#.......##.#..........##.#.#.# #.
####'#####............##.#.#)# ##
##.........#..#######.##.#.#.###


You could see a gnoll (fast, invisible) and an orc.

Vanquished Creatures
  An ooze (D:2)
  A dart slug (D:1)
  A leopard gecko (D:2)
  An orc (D:2)
  3 giant cockroaches (D:2)
  6 goblins
  7 hobgoblins
  3 kobolds
  A quokka (D:2)
  4 bats
  3 rats
31 creatures vanquished.

Notes
Turn   | Place    | Note
-------+----------+-------------------------------------------
     0 | D:1      | Gadfly the Felid Artificer began the quest for the Orb.
     0 | D:1      | Reached XP level 1. HP: 9/9 MP: 4/4
   220 | D:1      | Reached XP level 2. HP: 10/12 MP: 5/5
  1355 | D:2      | Found a sacrificial altar of Ru.
  1368 | D:2      | Found an ornate altar of the Wu Jian Council.
  1431 | D:2      | Reached XP level 3. HP: 15/15 MP: 6/6
  2473 | D:2      | Slain by a gnoll

Illustrated notes

Levels and vault maps discovered:
D:1:      dpeg_arrival_short_road, layout_loops_ring, serial_bayou_ford_a
D:2:      layout_basic, okawaru_altar_gauntlet_db, overflow_temple_1_default,
          first_ration, lemuel_altar_in_water

Skill      XL: |  1  2  3 |
---------------+----------+-----
Stealth        | 3 |  3.8
Dodging        | 3 |  3.0
Fighting       | |  1.3
Unarmed Combat | |  1.4
Evocations     | |  3.5

Action                   || total
-------------------------++-------
Melee: Unarmed           ||   116
       Bite              ||     7
       Punch             ||     1
Evoke: Wand              ||     7
  Use: Scroll            ||     5
 Stab: Sleeping          ||     5
  Eat: Chunk             ||    10
Armor: Skin              ||     9
Dodge: Dodged            ||   110
